 Dungeon Crawl Stone Soup version 0.28-a0-381-g937acc2988 (webtiles) character file.

Game seed: 2330648971372043556

603389 rogsnak the Archmage (level 27, -10/194 HPs)
             Began as a Djinni Fire Elementalist on Aug 29, 2021.
             Was the Champion of Makhleb.
             Mangled by Cerebov (51 damage)
             ... in Pandemonium on Sept 2, 2021.
             The game lasted 05:49:52 (49031 turns).

rogsnak the Archmage (Djinni Fire Elementalist)    Turns: 49031, Time: 05:49:52

Health: -10/194    AC: 15    Str:  5    XL:     27
Gold:   4064       EV: 17    Int: 27    God:    Makhleb [******] SH: 19 Dex: 17

rFire   + + +      SeeInvis +   o - staff of conjuration
rCold   + + +      Faith    .   W - +4 kite shield {reflect}
rNeg    + + +      Spirit   .   O - +4 troll leather armour
rPois   ∞          Reflect  +   v - +0 helmet
rElec   +          Harm     .   b - scarf {rC+ rF+}
rCorr   .          Rampage  .   J - +2 pair of gloves
Will    ++...                   (boots unavailable)
Stlth   ++........              m - amulet of regeneration
HPRegen 2.42/turn               h - ring "Ogygiga" {rN+ SInv}
MPRegen 0.00/turn               Z - ring "Raexuim" {+Blink rC+++ rN++ MP+9 Str-2}

@: disjoining, flying, very slightly contaminated, studying 5 skills
A: sickness immunity, fire resistance 2, cold vulnerability 1, float, innate
caster, hp casting, extra vitality 1, iridescent scales 1, electricity
resistance
}: 4/15 runes: decaying, slimy, abyssal, gossamer
a: Renounce Religion, Evoke Blink, Minor Destruction, Lesser Servant of Makhleb,
Major Destruction, Greater Servant of Makhleb


You were in Pandemonium.
You worshipped Makhleb.
Makhleb was exalted by your worship.
You visited 11 branches of the dungeon, and saw 50 of its levels.
You visited Pandemonium 1 time, and saw 4 of its levels.
You visited the Abyss 1 time.
You also visited: Trove, Gauntlet, Ice Cave and Desolation.

You collected 7137 gold pieces.
You spent 3073 gold pieces at shops.

Inventory:

Hand Weapons
 t - a +9 trishula of holy wrath
 G - the +8 double sword of Acrap {vorpal, *Corrode rElec Will+ Int+8}
   (You bought it in a shop on level 2 of the Vaults)

   It inflicts extra damage upon your enemies.
   Int:       It affects your intelligence (+8).
   rElec:     It insulates you from electricity.
   *Corrode:  It may corrode you when you take damage.
   Will:      It increases your willpower.
 I - a +3 double sword of electrocution
Missiles
 p - 11 curare-tipped darts
 y - 7 boomerangs of dispersal
Armour
 b - a scarf of resistance (worn)
 v - a +0 helmet (worn)
 D - the +5 ring mail of the Thinker {*Corrode rElec Will+++ Str-5}
   (You found it on level 12 of the Dungeon)

   Str:       It affects your strength (-5).
   rElec:     It insulates you from electricity.
   *Corrode:  It may corrode you when you take damage.
   Will:      It greatly increases your willpower.
 J - a +2 pair of gloves (worn)
 O - a +4 troll leather armour (worn)
 Q - a +2 cloak
 R - the +2 chain mail of Hubris {rN+ Regen+}
   (You bought it in a shop on level 4 of the Vaults)

   rN:        It protects you from negative energy.
   Regen:     It increases your rate of health regeneration.
 U - a +2 robe of the Archmagi
 W - a +4 kite shield of reflection (worn)
Magical Staves
 o - a staff of conjuration (weapon)
Jewellery
 h - the ring "Ogygiga" (left hand) {rN+ SInv}
   (You found it on level 10 of the Dungeon)

   [ring of see invisible]

   rN:        It protects you from negative energy.
   SInv:      It lets you see invisible.
 m - an amulet of regeneration (around neck)
 q - a ring of the Octopus King {Wiz AC+1 EV+1 Str+1 Int+1 Dex+1}
   (You found it on level 5 of the Depths)

   [ring of wizardry]

   It improves your spell success rate.
   AC:        It affects your AC (+1).
   EV:        It affects your evasion (+1).
   Str:       It affects your strength (+1).
   Int:       It affects your intelligence (+1).
   Dex:       It affects your dexterity (+1).
 N - the ring "Esarghed" {rElec rPois rCorr MP-9}
   (You acquired it on level 2 of the Elven Halls)

   [ring of resist corrosion]

   rElec:     It insulates you from electricity.
   rPois:     It protects you from poison.
   MP:        It affects your magic capacity (-9).
   rCorr:     It protects you from acid and corrosion.
 T - a +6 ring of intelligence
 Z - the ring "Raexuim" (right hand) {+Blink rC+++ rN++ MP+9 Str-2}
   (You bought it in a shop on level 2 of the Elven Halls)

   [ring of magical power]

   Str:       It affects your strength (-2).
   rC:        It renders you almost immune to cold.
   rN:        It greatly protects you from negative energy.
   MP:        It affects your magic capacity (+9).
   +Blink:    It lets you blink.
Wands
 f - a wand of acid (43)
 w - a wand of mindburst (50)
 A - a wand of iceblast (41)
 E - a wand of polymorph (7)
 X - a wand of digging (36)
 Y - a wand of charming (22)
Scrolls
 e - 9 scrolls of magic mapping
 i - 3 scrolls of fear
 j - 26 scrolls of teleportation
 l - 8 scrolls of blinking
 n - 16 scrolls of fog
 z - 6 scrolls of brand weapon
 B - 2 scrolls of holy word
 C - 8 scrolls of summoning
 S - 5 scrolls of immolation
Potions
 c - 10 potions of curing
 d - 3 potions of resistance
 g - 5 potions of berserk rage
 s - 6 potions of heal wounds
 u - 3 potions of cancellation
 x - 5 potions of mutation
 F - 11 potions of haste
 H - 13 potions of might
 K - 7 potions of brilliance
 V - 4 potions of ambrosia
Miscellaneous
 L - a phial of floods
 M - a piece from Xom's chessboard (15/15)


   Skills:
 * Level 16.3 Fighting
 + Level 5.4 Armour
 + Level 11.8 Dodging
 + Level 3.3 Stealth
 + Level 17.1 Shields
 O Level 27 Spellcasting
 + Level 13.2 Invocations
 * Level 7.8 Evocations


You couldn't memorise any spells.
You knew the following spells:

 Your Spells              Type           Power      Damage    Failure   Level
a - Foxfire               Conj/Fire      100%       2x1d9     0%          1
b - Conjure Flame         Conj/Fire      100%       6-21      0%          3
c - Inner Flame           Hex/Fire       100%       N/A       0%          3
d - Sticky Flame          Conj/Fire      100%       2d11      0%          4
e - Fireball              Conj/Fire      67%        3d25      0%          5
f - Corona                Hex            100%       N/A       0%          1
g - Corpse Rot            Necr/Air       N/A        N/A       0%          2
h - Spider Form           Tmut/Pois      55%        N/A       0%          3
i - Airstrike             Air            55%        N/A       0%          4
j - Borgnjor's Vile Clut  Necr/Erth      55%        N/A       0%          5
k - Freezing Cloud        Conj/Ice/Air   67%        6-21      0%          5
l - Invisibility          Hex            55%        N/A       0%          6
m - Dragon Form           Tmut           55%        N/A       0%          7
n - Iron Shot             Conj/Erth      67%        9d12      0%          6
o - Disjunction           Tloc           55%        N/A       1%          8
p - Storm Form            Tmut/Air       55%        N/A       0%          7
q - Summon Horrible Thin  Summ           55%        N/A       1%          8
r - Shatter               Erth           55%        3d41*     1%          9
Your spell library was empty.

Dungeon Overview and Level Annotations

Branches:
Dungeon (15/15)            Temple (1/1) D:4            Lair (6/6) D:11
  Swamp (4/4) Lair:3       Spider (4/4) Lair:2        Slime (5/5) Lair:6
    Orc (2/2) D:11            Elf (3/3) Orc:2        Vaults (4/5) D:13
  Crypt (1/3) Vaults:2     Depths (5/5) D:15            Zot (0/5) Depths:5
  IceCv (visited)         Desolation (visited)      Gauntlet (visited)

Altars:
Ashenzari
Cheibriados
Dithmenos
Elyvilon
Fedhas
Gozag
Hepliaklqana
Kikubaaqudgha
Makhleb
Nemelex Xobeh
Okawaru
Qazlal
Ru
Sif Muna
Trog
Uskayaw
Vehumet
Wu Jian
Xom
Yredelemnul
Zin
The Shining One
Beogh
Jiyva

Shops:
Orc:1 [**   Orc:2 (:=[   Elf:2 !==:   Vaults:1 !   Vaults:2 (   Vaults:3 [
Vaults:4 [

Portals:
Hell: Depths:1 Depths:2 Depths:3 Depths:4 Depths:5
Abyss: Depths:2 Depths:3 Depths:4 Depths:5
Pandemonium: Depths:3 Depths:5
Ziggurat: Depths:5

Annotations:
D:7 2 transporters, RandomusNamus's ghost, novice DrBe
D:11 Fannar
D:14 2 transporters, Reont's ghost, journeyman TeGl
Lair:1 exclusion: player ghost
Swamp:1 1 transporter
Swamp:3 1 runed translucent door, RandomusNamus's ghost, adept MiHu
Pan Cerebov


Innate Abilities, Weirdness & Mutations

You are immune to sickness and miasma.
You are immune to poison.
Your flesh is very heat resistant. (rF++)
You are vulnerable to cold. (rC-)
You float through the air rather than walking.
You learn spells naturally, not from books.
Your magical power is your life essence.
You have superior vitality. (+4 HP)
You are partially covered in iridescent scales. (AC +2)
You are resistant to electric shocks. (rElec)


Message History

Casting: Iron Shot (safe; 0% risk of failure)
Confirm with . or Enter, or press ? or * to list all spells.
Aiming: Iron Shot (safe; 0% risk of failure)
Press: ? - help, Shift-Dir - straight line, f - Cerebov
Aim: Cerebov, wielding the +6 sword of Cerebov {flame} (freezing vapour, heavily wounded, fast, 86% to hit)
You feel a surge of power!
The iron shot hits Cerebov!!!
Cerebov is heavily wounded.
* * * LOW HITPOINT WARNING * * *
Cerebov is engulfed in freezing vapours.
Unknown command.
Casting: Iron Shot (safe; 0% risk of failure)
Confirm with . or Enter, or press ? or * to list all spells.
Aiming: Iron Shot (safe; 0% risk of failure)
Press: ? - help, Shift-Dir - straight line, f/p - Cerebov
Aim: Cerebov, wielding the +6 sword of Cerebov {flame} (freezing vapour, heavily wounded, fast, 86% to hit)
You feel a surge of power!
The iron shot hits Cerebov!!!
Cerebov is heavily wounded.
* * * LOW HITPOINT WARNING * * *
Cerebov is engulfed in freezing vapours. x2
Unknown command.
Unknown command.
Casting: Iron Shot (safe; 0% risk of failure)
Confirm with . or Enter, or press ? or * to list all spells.
Aiming: Iron Shot (safe; 0% risk of failure)
Press: ? - help, Shift-Dir - straight line, f/p - Cerebov
Aim: Cerebov, wielding the +6 sword of Cerebov {flame} (heavily wounded, fast, 86% to hit)
Okay, then.
Cerebov blinks!
There is an open door here.
Unknown command.
Casting: Iron Shot (safe; 0% risk of failure)
Confirm with . or Enter, or press ? or * to list all spells.
Aiming: Iron Shot (safe; 0% risk of failure)
Press: ? - help, Shift-Dir - straight line, f/p - Cerebov
Aim: Cerebov, wielding the +6 sword of Cerebov {flame} (translocational energy, heavily wounded, fast, 86% to hit)
You feel a surge of power!
The iron shot hits Cerebov!!!
Cerebov is severely wounded.
* * * LOW HITPOINT WARNING * * *
Cerebov hits you with the +6 sword of Cerebov {flame}!!!
You die...

..........# ###2........##
.........## #...).........
#.......## ####)§.......##
####'#### #.§#§#.....###
#.......#. ##.§§§###.###
#.......# .. +..§§§###'#####
#.......####'#####.....#.......#
+.......#.......#..§§§§#.......#
#..#'#..+)......@&§§§§§'.......#
#.##.##.#..^....###.§§##.......#
###...###.......#.#'#.##.......#
#.##.##.#.......#...####.......#
#..#'#..+.......#.....##.......#
#.....##.......#.....##########
+.....####'#####......##
##...##....###.........#
#...'.......#####'#####


You could see Cerebov (fast).

Vanquished Creatures
  the Royal Jelly (Slime:5)
  2 juggernauts
  Boris (thrice) (Vaults:2 Vaults:4 Depths:3)
  Frederick (Depths:5)
  Margery (Vaults:4)
  Bai Suzhen (Swamp:4)
  Saint Roka (Vaults:1)
  2 golden dragons (Depths:3)
  A bone dragon (Vaults:1)
  A Brimstone Fiend (Pan)
  Arachne (Spider:4)
  Jorgrun (Swamp:3)
  Mlioglotl (Swamp:2)
  2 deep elf blademasters (Elf:3)
  4 liches
  7 tentacled monstrosities
  2 Hell Sentinels (Pan)
  Asterion (Depths:2)
  2 titans
  2 deep elf master archers (Elf:3)
  An eldritch tentacle (Vaults:1)
  6 sphinxes
  11 acid blobs
  An ancient champion (Vaults:2)
  2 tentacled starspawn
  3 thorn hunters
  Kirke (Swamp:2)
  A storm dragon (Depths:5)
  7 tengu reavers
  Donald (Orc:2)
  6 fenstrider witches
  9 rockslimes
  10 fire giants
  2 draconian knights (Depths:5)
  9 vault wardens
  12 frost giants
  11 azure jellies
  4 imperial myrmidons (Desolation)
  3 iron dragons
  4 ghost moths
  5 deep elf sorcerers
  9 balrugs (Pan)
  3 emperor scorpions
  Louise (Elf:1)
  An angel (Abyss:4)
  A cacodemon (Depths:3)
  3 deep elf elementalists (Elf:3)
  2 ghouls (Swamp:4)
  The ghost of speeev33 the Fighter, a journeyman PaFi of Trog (Swamp:1)
  2 orc warlords
  5 spriggan defenders
  A war gargoyle (Vaults:1)
  17 stone giants
  2 reapers
  A draconian annihilator (Depths:5)
  14 ironbound preservers
  An ophan (Abyss:4)
  25 very ugly things
  7 quicksilver oozes
  3 vampire knights
  A caustic shrike skeleton (Vaults:1)
  8 deep elf demonologists
  2 halazid warlocks (Desolation)
  A minotaur (Gauntlet)
  3 entropy weavers
  4 dire elephants
  6 deep elf annihilators
  22 spark wasps
  The ghost of mandarbmax the Fighter, a journeyman DrCA of Makhleb (Lair:1)
  5 bunyips
  A crystal guardian (Desolation)
  2 eidola
  6 eleionomae
  6 deep elf death magi
  6 ettins
  2 green deaths
  A quicksilver dragon zombie (Depths:3)
  12 ragged hierophants
  17 great orbs of eyes
  8 yaktaur captains
  15 fire dragons
  4 shambling mangroves
  7 deep elf high priests
  Harold (D:7)
  2 caustic shrike simulacra
  A salamander tyrant (Depths:4)
  20 hydras
  13 ironbound thunderhulks
  3 boulder beetles
  6 ice dragons
  2 hell beasts
  3 rakshasas
  2 monstrous demonspawn (Pan)
  6 peacekeepers (Desolation)
  3 centaur warriors
  10 ironbound frosthearts
  6 ghost crabs
  9 vault guards
  5 ogre magi
  6 spriggan air magi
  9 death yaks
  A catoblepas (D:14)
  7 alligators
  3 deep troll earth magi
  3 death knights
  An anaconda (shapeshifter) (Depths:5)
  3 two-headed ogres
  33 dancing weapons
  12 deep troll shamans
  3 orc high priests (Orc:2)
  2 hell hogs
  5 ironbound beastmasters
  3 vampire magi
  A two-headed ogre (shapeshifter) (Depths:3)
  9 tengu warriors
  12 deep elf knights
  2 spriggan berserkers
  2 naga sharpshooters (Depths:5)
  Sonja (Orc:2)
  A thrashing horror (Abyss:4)
  5 hell knights (Vaults:4)
  4 soul eaters
  26 sun demons
  3 wretched stars
  A sixfirhy (Abyss:1)
  2 cherubim (Abyss:4)
  10 iron trolls
  A quicksilver dragon simulacrum (Depths:1)
  8 goliath frogs
  A salamander mystic (Depths:4)
  4 skeletal warriors
  5 spriggan druids
  A flayed ghost (Depths:5)
  51 deep trolls
  2 bog bodies
  16 deep elf archers
  3 glowing orange brains
  8 swamp dragons
  A shadow dragon zombie (Depths:3)
  9 wizards
  2 phantasmal warriors
  2 orange crystal statues (IceCv)
  10 ironbound convokers
  9 necromancers
  A harpy (shapeshifter) (D:13)
  5 lindwurms
  A sphinx zombie (Depths:3)
  15 orb spiders
  22 deep elf pyromancers
  11 orc sorcerers
  5 shining eyes
  25 deep elf zephyrmancers
  10 orc knights
  31 wolf spiders
  3 cyclopes
  A faun (shapeshifter) (Depths:5)
  A frost giant zombie (Depths:3)
  37 ugly things
  3 sphinx skeletons
  2 moths of wrath
  3 salamanders (Depths:4)
  11 elephants (Lair:3)
  2 manticores
  2 worldbinders (Abyss:1)
  An iron dragon skeleton (Depths:2)
  An oklob plant (Gauntlet)
  An apocalypse crab (Abyss:4)
  A stone giant skeleton (Depths:2)
  5 will-o-the-wisps
  A salamander (shapeshifter) (Elf:2)
  Joseph (D:7)
  8 black mambas
  An elephant (shapeshifter) (Abyss:4)
  6 guardian serpents
  6 vault sentinels
  A black mamba (shapeshifter) (Elf:2)
  2 eyes of devastation
  3 molten gargoyles
  A naga mage (Vaults:1)
  11 torpor snails
  5 orange demons
  2 smoke demons
  2 hellions (Pan)
  10 cane toads
  3 unseen horrors
  4 gargoyles
  5 rime drakes
  A spriggan zombie (Depths:2)
  20 komodo dragons
  3 efreet
  9 freezing wraiths
  22 yaktaurs
  4 kobold demonologists
  2 tengu conjurers (Depths:5)
  8 demonic crawlers
  4 anaconda simulacra (IceCv)
  An ice devil (Pan)
  6 hellwings
  24 jumping spiders
  3 meliai (D:14)
  8 trolls
  3 red devils
  2 bloated husks
  3 polar bears
  A golden dragon simulacrum (IceCv)
  11 tyrant leeches
  35 hornets
  39 saltlings
  35 blink frogs
  12 dream sheep
  3 raiju (Abyss:3)
  A sphinx simulacrum (Vaults:1)
  83 slime creatures
  An elf skeleton (Vaults:1)
  2 iron dragon simulacra
  6 shadows
  2 air elementals
  62 yaks
  12 water elementals
  8 large abominations
  21 spriggans
  A vampire (D:11)
  41 redbacks
  10 wyverns
  4 wraiths
  38 tarantellas
  A fire elemental (Elf:1)
  2 dire elephant simulacra (IceCv)
  5 basilisks
  9 golden eyes
  5 ynoxinuls
  2 chaos spawn
  A basilisk (shapeshifter) (D:14)
  4 vampire mosquitoes (Swamp:1)
  4 hogs (Swamp:2)
  3 steam dragons
  2 spatial vortices (Vaults:1)
  4 neqoxecs
  Menkaure (D:7)
  2 nagas (Depths:5)
  17 swamp worms
  A harpy simulacrum (IceCv)
  5 wargs
  6 acid dragons
  A floating eye (shapeshifter) (Elf:3)
  A hydra simulacrum (IceCv)
  Duvessa (D:6)
  15 water moccasins
  2 swamp drakes
  3 ice beasts
  28 orc warriors
  5 alligator simulacra (IceCv)
  2 sky beasts
  An ettin simulacrum (IceCv)
  3 necrophages
  A black bear (D:4)
  14 ogres
  13 wolves
  19 boggarts
  11 centaurs
  2 phantoms (D:6)
  12 kobold brigands
  3 earth elementals
  17 bullfrogs
  A wyvern zombie (D:8)
  5 scorpions
  6 small abominations
  7 gnoll sergeants
  Dowan (D:6)
  A water moccasin zombie (D:5)
  8 killer bees
  A lindwurm simulacrum (IceCv)
  A wight (D:6)
  3 vampire bats (Lair:6)
  11 howler monkeys
  2 crimson imps (Pan)
  2 centaur zombies
  3 centaur skeletons
  16 orc priests
  Crazy Yiuf (D:7)
  2 gnoll shamans
  9 hounds
  2 jellies (D:7)
  8 iguanas
  23 orc wizards
  A scorpion zombie (D:5)
  2 hound skeletons
  3 howler monkey zombies
  A gnoll (shapeshifter) (D:15)
  17 gnolls
  A swamp drake zombie (Crypt:1)
  10 adders
  4 ufetubi (D:5)
  3 worms
  2 dart slugs (D:2)
  51 orcs
  8 ball pythons
  13 bats
  7 endoplasms
  3 giant cockroaches
  9 goblins
  9 hobgoblins
  11 jackals
  5 quokkas
  A frilled lizard (D:1)
  16 kobolds
  6 rats
  A river rat skeleton (Crypt:1)
  A spectral orc (D:3)
  2 bushes (Lair:6)
  A fire vortex (Depths:1)
  A lurking horror (Abyss:4)
  A starspawn tentacle (Abyss:1)
2134 creatures vanquished.

Vanquished Creatures (collateral kills)
  Mennas (Depths:3)
  Sojobo (Depths:4)
  A lich (Depths:4)
  2 acid blobs (Slime:5)
  A frost giant (Depths:5)
  A balrug (Pan)
  A ghoul (Swamp:1)
  An angel (Abyss:4)
  An ophan (Abyss:4)
  3 quicksilver oozes (Slime:5)
  A stone giant (Depths:3)
  2 spark wasps (Depths:3)
  A sun demon (Pan)
  A shining eye (Slime:5)
  A golden dragon simulacrum (Abyss:4)
  A red devil (Pan)
  An elf skeleton (Depths:3)
  A ynoxinul (Pan)
  2 neqoxecs
  A small abomination (Abyss:4)
  A crimson imp (Pan)
  A fire vortex (Pan)
  16 foxfires
43 creatures vanquished.

Vanquished Creatures (others)
  A shambling mangrove (Swamp:1)
  2 bloated husks
  A tyrant leech (Swamp:3)
  A blink frog (Lair:6)
  A vampire mosquito (Swamp:1)
  4 bats (Lair:6)
  A bush (D:11)
  4 fire vortices (Pan)
  1415 foxfires
  52 fungi
  A lurking horror (Abyss:1)
  93 plants
  5 starspawn tentacles
1581 creatures vanquished.

Grand Total: 3758 creatures vanquished

Notes
Turn   | Place    | Note
-------+----------+-------------------------------------------
     0 | D:1      | rogsnak the Djinni Fire Elementalist began the quest for
                  | the Orb.
     0 | D:1      | Reached XP level 1. HP: 15/15 MP: 0/0
   183 | D:1      | Reached XP level 2. HP: 17/21 MP: 0/0
   547 | D:1      | Reached skill level 3 in Spellcasting
   549 | D:1      | Reached XP level 3. HP: 22/25 MP: 0/0
   549 | D:1      | Learned a level 1 spell: Corona
  1504 | D:2      | Reached XP level 4. HP: 29/31 MP: 0/0
  2190 | D:3      | Found a stormy altar of Qazlal.
  2250 | D:3      | Found a shimmering altar of Xom.
  2254 | D:3      | Found a faded altar of an unknown god.
  2255 | D:3      | Found a shimmering altar of Xom.
  2255 | D:3      | Found a shimmering altar of Xom.
  2255 | D:3      | Found a shimmering altar of Xom.
  2261 | D:3      | Found a shimmering altar of Xom.
  2261 | D:3      | Found a shimmering altar of Xom.
  2261 | D:3      | Found a shimmering altar of Xom.
  2409 | D:3      | Reached XP level 5. HP: 35/35 MP: 0/0
  2409 | D:3      | Learned a level 2 spell: Corpse Rot
  2420 | D:3      | Reached skill level 4 in Spellcasting
  2546 | D:3      | Found a basalt altar of Yredelemnul.
  2766 | D:4      | Found a staircase to the Ecumenical Temple.
  2767 | D:4      | Noticed a black bear
  2776 | Temple   | Entered the Ecumenical Temple
  2893 | Temple   | Became a worshipper of Makhleb the Destroyer
  2908 | D:4      | Killed a black bear
  2909 | D:4      | Reached XP level 6. HP: 37/41 MP: 0/0
  2935 | D:4      | Noticed an ogre
  2940 | D:4      | Killed an ogre
  2941 | D:4      | Reached skill level 5 in Spellcasting
  2974 | D:4      | Noticed a wyvern
  2984 | D:4      | Killed a wyvern
  2985 | D:4      | Reached XP level 7. HP: 17/46 MP: 0/0
  2985 | D:4      | Learned a level 3 spell: Spider Form
  3091 | D:4      | Found a broken altar of Ashenzari.
  3160 | D:4      | Noticed a wyvern
  3166 | D:4      | Killed a wyvern
  3167 | D:4      | Reached skill level 1 in Fighting
  3167 | D:4      | Reached skill level 6 in Spellcasting
  3202 | D:4      | Reached XP level 8. HP: 48/52 MP: 0/0
  3341 | D:5      | Entered Level 5 of the Dungeon
  3404 | D:5      | Found a glowing silver altar of Zin.
  3407 | D:5      | Reached * piety under Makhleb
  3540 | D:5      | Found a shadowy altar of Dithmenos.
  3579 | D:5      | Reached skill level 7 in Spellcasting
  3618 | D:5      | Found an iron altar of Okawaru.
  4030 | D:6      | Reached XP level 9. HP: 59/59 MP: 0/0
  4030 | D:6      | Learned a level 4 spell: Airstrike
  4146 | D:6      | Reached skill level 8 in Spellcasting
  4355 | D:6      | Reached ** piety under Makhleb
  4386 | D:6      | Noticed Duvessa
  4393 | D:6      | Killed Duvessa
  4407 | D:6      | Noticed Dowan
  4410 | D:6      | Killed Dowan
  4411 | D:6      | Noticed a two-headed ogre
  4426 | D:6      | Killed a two-headed ogre
  4427 | D:6      | Reached skill level 9 in Spellcasting
  4427 | D:6      | Reached XP level 10. HP: 14/68 MP: 0/0
  4501 | D:6      | Identified the +0 robe "Imi Tiysm" {Fly Int+2}
  5139 | D:7      | Found a transporter.
  5139 | D:7      | Noticed RandomusNamus's ghost (novice DrBe)
  5143 | D:7      | Noticed a wizard
  5200 | D:7      | Found a transporter.
  5206 | D:7      | Noticed Menkaure
  5207 | D:7      | Killed Menkaure
  5239 | D:7      | Reached skill level 10 in Spellcasting
  5268 | D:7      | Reached skill level 5 in Fighting
  5294 | D:7      | Noticed Joseph
  5306 | D:7      | Killed Joseph
  5455 | D:7      | Found an ornate altar of the Wu Jian Council.
  5682 | D:7      | Reached *** piety under Makhleb
  5687 | D:7      | Noticed Harold
  5695 | D:7      | Killed Harold
  5696 | D:7      | Reached skill level 11 in Spellcasting
  5696 | D:7      | Reached XP level 11. HP: 64/76 MP: 0/0
  5696 | D:7      | Learned a level 5 spell: Borgnjor's Vile Clutch
  5996 | D:7      | Reached **** piety under Makhleb
  6350 | D:7      | Found a runed translucent door.
  6351 | D:7      | Noticed Crazy Yiuf
  6361 | D:7      | Killed Crazy Yiuf
  6621 | D:8      | Noticed a two-headed ogre
  6633 | D:8      | Killed a two-headed ogre
  6634 | D:8      | Reached skill level 12 in Spellcasting
  7401 | D:9      | Found a white marble altar of Elyvilon.
  7402 | D:9      | Found a sparkling altar of Nemelex Xobeh.
  7638 | D:9      | Noticed a boulder beetle
  7649 | D:9      | Killed a boulder beetle
  7650 | D:9      | Reached skill level 5 in Dodging
  7900 | D:9      | Found a sacrificial altar of Ru.
  8077 | D:10     | Entered Level 10 of the Dungeon
  8322 | D:10     | Reached XP level 12. HP: 78/85 MP: 0/0
  8586 | D:10     | Identified the ring "Ogygiga" {rN+ SInv}
  8597 | D:10     | Noticed a four-headed hydra
  8602 | D:10     | Killed a four-headed hydra
  8674 | D:10     | Found a hide-covered altar of Uskayaw.
  8975 | D:11     | Noticed Fannar
  9122 | D:11     | Noticed a two-headed ogre
  9122 | D:11     | Noticed a skeletal warrior
  9124 | D:11     | Noticed a skeletal warrior
  9126 | D:11     | Noticed a death knight
  9128 | D:11     | Killed a skeletal warrior
  9128 | D:11     | Noticed a skeletal warrior
  9179 | D:11     | Reached skill level 13 in Spellcasting
  9281 | D:11     | Noticed a death knight
  9314 | D:10     | Killed a skeletal warrior
  9856 | D:11     | Reached ***** piety under Makhleb
 10092 | D:11     | Found a staircase to the Lair.
 10128 | D:11     | Killed a death knight
 10129 | D:11     | Reached skill level 1 in Invocations
 10180 | D:11     | Found a stormy altar of Qazlal.
 10254 | D:11     | Killed a two-headed ogre
 10255 | D:11     | Reached XP level 13. HP: 66/93 MP: 0/0
 10255 | D:11     | Learned a level 5 spell: Freezing Cloud
 10523 | D:11     | Reached skill level 14 in Spellcasting
 10663 | D:11     | Found a portal to a secret trove of treasure.
 10723 | D:11     | Found a staircase to the Orcish Mines.
 10886 | D:12     | Identified the +5 ring mail of the Thinker {*Corrode rElec
                  | Will+++ Str-5}
 11076 | D:12     | Found a gate leading to a gauntlet.
 11096 | Gauntlet | Entered a Gauntlet
 11096 | Gauntlet | Found a transporter.
 11096 | Gauntlet | Found a runed translucent door.
 11096 | Gauntlet | Found a transporter.
 11098 | Gauntlet | Found a transporter.
 11098 | Gauntlet | Found a transporter.
 11100 | Gauntlet | Found a runed translucent door.
 11102 | Gauntlet | Found a transporter.
 11129 | Gauntlet | Found a large runed translucent door.
 11130 | Gauntlet | Found a large runed translucent door.
 11130 | Gauntlet | Found a large runed translucent door.
 11130 | Gauntlet | Found a large runed translucent door.
 11131 | Gauntlet | Found a large runed translucent door.
 11131 | Gauntlet | Found a large runed translucent door.
 11131 | Gauntlet | Found a large runed translucent door.
 11131 | Gauntlet | Found a large runed translucent door.
 11132 | Gauntlet | Found a runed translucent door.
 11132 | Gauntlet | Found a runed translucent gate.
 11133 | Gauntlet | Found a runed translucent gate.
 11133 | Gauntlet | Found a transporter.
 11135 | Gauntlet | Found a transporter.
 11135 | Gauntlet | Found a transporter.
 11135 | Gauntlet | Found a runed translucent gate.
 11135 | Gauntlet | Found a runed translucent door.
 11146 | Gauntlet | Found a runed translucent door.
 11149 | Gauntlet | Found a transporter.
 11163 | Gauntlet | Found a transporter.
 11173 | Gauntlet | Found a transporter.
 11187 | Gauntlet | Found a transporter.
 11198 | Gauntlet | Found a large runed translucent door.
 11199 | Gauntlet | Found a large runed translucent door.
 11200 | Gauntlet | Found a large runed translucent door.
 11200 | Gauntlet | Found a large runed translucent door.
 11200 | Gauntlet | Found a large runed translucent door.
 11200 | Gauntlet | Found a large runed translucent door.
 11201 | Gauntlet | Found a large runed translucent door.
 11201 | Gauntlet | Found a large runed translucent door.
 11206 | Gauntlet | Found a transporter.
 11220 | Gauntlet | Found a transporter.
 11388 | Gauntlet | Identified the ring of Hiestoipp {Fly rF+ Str+4 Stlth+}
 11404 | Gauntlet | Noticed a minotaur
 11409 | Gauntlet | Killed a minotaur
 11478 | D:12     | Noticed an eight-headed hydra
 11489 | D:12     | Killed an eight-headed hydra
 12270 | D:13     | Noticed a centaur warrior
 12405 | D:13     | Noticed an eight-headed hydra
 12408 | D:13     | Killed an eight-headed hydra
 12489 | D:13     | Noticed a vault guard
 12490 | D:13     | Noticed a vault guard
 12491 | D:13     | Noticed a vault guard
 12493 | D:13     | Noticed a vault guard
 12510 | D:12     | Killed a vault guard
 12511 | D:12     | Reached XP level 14. HP: 101/101 MP: 0/0
 12711 | D:13     | Reached skill level 15 in Spellcasting
 12711 | D:13     | Reached skill level 5 in Invocations
 12772 | D:13     | Found a gate to the Vaults.
 13168 | D:14     | Reached skill level 1 in Shields
 13208 | D:14     | Reached skill level 10 in Fighting
 13238 | D:14     | Found a transporter.
 13269 | D:14     | Noticed Reont's ghost (journeyman TeGl)
 13290 | D:14     | Found a transporter.
 13871 | D:15     | Entered Level 15 of the Dungeon
 14200 | D:15     | Found a blossoming altar of Fedhas.
 14909 | D:15     | Reached skill level 16 in Spellcasting
 14909 | D:15     | Reached XP level 15. HP: 107/109 MP: 0/0
 14909 | D:15     | Learned a level 6 spell: Invisibility
 14998 | D:15     | Noticed a frost giant
 15146 | Orc:1    | Entered Level 1 of the Orcish Mines
 15230 | Orc:1    | Found Jipneasch's General Store.
 15271 | Orc:1    | Found Urig's Specific Store.
 15279 | Orc:1    | Found Adghotyink's Armour Boutique.
 15346 | Orc:2    | Entered Level 2 of the Orcish Mines
 15346 | Orc:2    | Found a burning altar of Makhleb.
 15350 | Orc:2    | Noticed Donald
 15367 | Orc:2    | Killed Donald
 15370 | Orc:2    | Noticed Sonja
 15377 | Orc:2    | Killed Sonja
 15391 | Orc:2    | Reached ****** piety under Makhleb
 15849 | Orc:2    | Found a staircase to the Elven Halls.
 16268 | Orc:2    | Found Tantahei's Antique Armour Emporium.
 16268 | Orc:2    | Found Temuehot's Jewellery Emporium.
 16269 | Orc:2    | Found Luxkuduv's Antique Weapon Shop.
 16274 | Orc:2    | Found Veim's Book Shop.
 16317 | Orc:2    | Bought a runed scarf for 264 gold pieces
 16506 | Lair:1   | Entered Level 1 of the Lair of Beasts
 16912 | Lair:1   | Found a runed translucent door.
 16913 | Lair:1   | Noticed mandarbmax's ghost (journeyman DrCA)
 16913 | Lair:1   | Identified the +0 trident of Okawaru's Regard {drain,
                  | Int+7}
 16924 | Lair:1   | Reached skill level 17 in Spellcasting
 17229 | Lair:1   | Killed mandarbmax's ghost
 17516 | Lair:2   | Reached XP level 16. HP: 114/116 MP: 0/0
 17590 | Lair:2   | Found a hole to the Spider Nest.
 18390 | Lair:3   | You are sucked into a shaft and drop 2 floors!
 18757 | Lair:3   | Reached skill level 5 in Shields
 18916 | Lair:3   | Found a staircase to the Swamp.
 19747 | Lair:5   | Reached skill level 18 in Spellcasting
 20445 | Lair:6   | Entered Level 6 of the Lair of Beasts
 20641 | Lair:6   | Reached XP level 17. HP: 120/121 MP: 0/0
 20641 | Lair:6   | Learned a level 7 spell: Dragon Form
 20795 | Lair:6   | Found a viscous altar of Jiyva.
 20795 | Lair:6   | Found a staircase to the Slime Pits.
 21068 | Lair:6   | Identified a scroll of acquirement
 21068 | Lair:6   | Acquired a manual of Polearms
 21373 | Lair:6   | Found a runed translucent door.
 21902 | Spider:1 | Entered Level 1 of the Spider Nest
 21981 | Spider:1 | Reached skill level 1 in Armour
 22514 | Spider:1 | Identified the +1 ring mail of Submission {+Inv}
 22901 | Spider:2 | Reached skill level 19 in Spellcasting
 23974 | Spider:3 | Reached XP level 18. HP: 124/128 MP: 0/0
 24947 | Spider:4 | Entered Level 4 of the Spider Nest
 24947 | Spider:4 | Noticed Arachne
 24957 | Spider:4 | Killed Arachne
 25482 | Spider:4 | Got a gossamer rune of Zot
 26170 | Swamp:1  | Entered Level 1 of the Swamp
 26193 | Swamp:1  | Reached skill level 20 in Spellcasting
 26278 | Swamp:1  | Found a transporter.
 26288 | Swamp:1  | Noticed speeev33's ghost (journeyman PaFi)
 26291 | Swamp:1  | Found a transporter.
 26560 | Swamp:2  | Noticed Mlioglotl
 26597 | Swamp:2  | Reached XP level 19. HP: 133/133 MP: 0/0
 26597 | Swamp:2  | Learned a level 6 spell: Iron Shot
 27086 | Swamp:2  | Killed Mlioglotl
 27096 | Swamp:2  | Noticed Kirke
 27109 | Swamp:2  | Killed Kirke
 27267 | Swamp:3  | Found a runed translucent door.
 27269 | Swamp:3  | Noticed RandomusNamus's ghost (adept MiHu)
 27292 | Swamp:3  | Reached skill level 10 in Shields
 27293 | Swamp:3  | Found a frozen archway.
 27336 | IceCv    | Entered an ice cave
 27514 | IceCv    | Upgraded the game from 0.28-a0-305-g9e858e973b to
                  | 0.28-a0-312-gbced6e68ee
 27549 | Swamp:3  | Found the +3 sling "Punk" {acid, rCorr}
 27577 | Swamp:3  | Noticed Jorgrun
 27588 | Swamp:3  | Killed Jorgrun
 28026 | Swamp:4  | Entered Level 4 of the Swamp
 28142 | Swamp:4  | Paralysed by an ogre mage for 5 turns
 28467 | Swamp:4  | Noticed Bai Suzhen
 28468 | Swamp:4  | Noticed a tentacled monstrosity
 28469 | Swamp:4  | Reached skill level 21 in Spellcasting
 28469 | Swamp:4  | Reached XP level 20. HP: 137/139 MP: 0/0
 28469 | Swamp:4  | Noticed a tentacled monstrosity
 28506 | Swamp:4  | Killed a tentacled monstrosity
 28507 | Swamp:4  | Killed a tentacled monstrosity
 28815 | Swamp:4  | Got a decaying rune of Zot
 29029 | Swamp:4  | Killed Bai Suzhen
 29399 | Elf:1    | Entered Level 1 of the Elven Halls
 29499 | Elf:1    | Noticed Louise
 29516 | Elf:1    | Killed Louise
 30487 | Elf:2    | Found Luripraf's Distillery.
 30496 | Elf:2    | Bought a potion of curing for 54 gold pieces
 30508 | Elf:2    | Found the +8 trident of the Octopus King {venom, rElec
                  | rPois Will+}
 30578 | Elf:2    | Found a runed translucent gate.
 30578 | Elf:2    | Found a runed translucent gate.
 30591 | Elf:2    | Found a runed translucent gate.
 30666 | Elf:2    | Found Fychink's Jewellery Emporium.
 30669 | Elf:2    | Found Rimomm's Book Boutique.
 30672 | Elf:2    | Found Xeuzaazxex's Jewellery Emporium.
 30685 | Elf:2    | Bought the ring "Raexuim" {+Blink rC+++ rN++ MP+9 Str-2}
                  | for 1280 gold pieces
 30710 | Elf:2    | Reached XP level 21. HP: 144/144 MP: 0/0
 30710 | Elf:2    | Learned a level 8 spell: Disjunction
 30845 | Elf:2    | Acquired the ring "Esarghed" {rElec rPois rCorr MP-9}
 31108 | Elf:2    | Upgraded the game from 0.28-a0-312-gbced6e68ee to
                  | 0.28-a0-313-gbc0475efdd
 31149 | Elf:2    | Reached skill level 22 in Spellcasting
 31572 | Elf:3    | Entered Level 3 of the Elven Halls
 31735 | Elf:3    | Noticed a Tzitzimitl
 32528 | Elf:3    | Identified the +4 quarterstaff of the Past {pain, rC+}
 32530 | Elf:3    | Identified the +4 broad axe of Ydumnesi {drain, rElec rC+
                  | Str-4 Dex+4}
 32540 | Elf:3    | Identified the ring of Jovaes {Fly rCorr Stlth+}
 32662 | Elf:3    | Identified the +2 scale mail "Ithagar" {rC- rN+ Str+2
                  | Int+4}
 33096 | Vaults:1 | Entered Level 1 of the Vaults
 33151 | Vaults:1 | Reached XP level 22. HP: 150/150 MP: 0/0
 33287 | Vaults:1 | Noticed Saint Roka
 33383 | Vaults:1 | Killed Saint Roka
 33962 | Vaults:1 | Found Qostrupe's Distillery.
 33966 | Vaults:1 | Bought 2 potions of heal wounds for 180 gold pieces
 33966 | Vaults:1 | Bought a potion of curing for 54 gold pieces
 33978 | Vaults:1 | Noticed a bone dragon
 33988 | Vaults:1 | Killed a bone dragon
 33989 | Vaults:1 | Reached skill level 23 in Spellcasting
 35879 | Vaults:2 | Reached XP level 23. HP: 156/156 MP: 0/0
 35879 | Vaults:2 | Learned a level 7 spell: Storm Form
 35910 | Vaults:2 | Found a staircase to the Crypt.
 36416 | Vaults:2 | Found Gimp's Antique Weapon Emporium.
 36424 | Vaults:2 | Bought a smoking double sword for 560 gold pieces
 36424 | Vaults:2 | Identified the +8 double sword of Acrap {vorpal, *Corrode
                  | rElec Will+ Int+8} (You bought it in a shop on level 2 of
                  | the Vaults)
 36438 | Vaults:2 | Noticed Boris
 36444 | Vaults:2 | Killed Boris
 36614 | Crypt:1  | Entered Level 1 of the Crypt
 36758 | Vaults:3 | Reached skill level 24 in Spellcasting
 36774 | Vaults:3 | Found a crumbling gateway.
 36842 | Desolati | Entered the Desolation of Salt
 36931 | Desolati | Identified the amulet of Elyvilon's Wrath {Spirit Str+5
                  | Int-5 Dex+3}
 37079 | Desolati | Identified the +0 robe "Icuod" {rC- Str+2 Int+6}
 37647 | Vaults:3 | Found Kaut's Antique Armour Shop.
 37905 | Vaults:3 | Bought a transparent leather armour for 245 gold pieces
 37905 | Vaults:3 | Identified the +2 leather armour "Toikaem" {rElec Will-
                  | Int+2 SInv} (You bought it in a shop on level 3 of the
                  | Vaults)
 38288 | Vaults:3 | Reached XP level 24. HP: 137/162 MP: 0/0
 38692 | Vaults:4 | Noticed Margery
 38699 | Vaults:4 | Killed Margery
 38909 | Vaults:4 | Identified the +4 arbalest "Rilaxoic" {elec, rCorr MP+9
                  | Int-2 SInv}
 39359 | Vaults:4 | Noticed Boris
 39368 | Vaults:4 | Killed Boris
 39566 | Vaults:4 | Found Ostren's Armour Shop.
 39584 | Vaults:4 | Bought the +2 chain mail of Hubris {rN+ Regen+} for 436
                  | gold pieces
 39803 | D:15     | Found a staircase to the Depths.
 39813 | Depths:1 | Entered Level 1 of the Depths
 39842 | Depths:1 | Reached skill level 25 in Spellcasting
 40017 | D:11     | You paid a toll of 19 potions of curing to enter a treasure
                  | trove
 40018 | Trove    | Entered a treasure trove
 40458 | Depths:1 | Found a gateway to Hell.
 40540 | Depths:1 | Found a snail-covered altar of Cheibriados.
 40715 | Depths:2 | Paralysed by a vampire knight for 7 turns
 40726 | Depths:2 | Found a one-way gate to the infinite horrors of the Abyss.
 40750 | Depths:2 | Noticed Asterion
 40801 | Depths:2 | Noticed a juggernaut
 40810 | Depths:2 | Killed a juggernaut
 40811 | Depths:2 | Reached XP level 25. HP: 81/171 MP: 0/0
 40811 | Depths:2 | Learned a level 8 spell: Summon Horrible Things
 41028 | Depths:2 | Killed Asterion
 41632 | Depths:2 | Found the +6 Majin-Bo {vamp, MP+6 Int+6}
 41858 | Depths:3 | Noticed Mennas
 41867 | Depths:3 | Killed Mennas
 42265 | Depths:3 | Noticed Boris
 42271 | Depths:3 | Killed Boris
 42394 | Depths:3 | Reached XP level 26. HP: 175/179 MP: 0/0
 42511 | Depths:3 | Reached skill level 10 in Invocations
 42563 | Depths:3 | Reached skill level 26 in Spellcasting
 43118 | Depths:3 | Found a one-way gate leading to the halls of Pandemonium.
 43794 | Depths:4 | Noticed Sojobo
 43822 | Depths:4 | Killed Sojobo
 43917 | Depths:4 | Found a hide-covered altar of Uskayaw.
 44267 | Depths:5 | Entered Level 5 of the Depths
 44329 | Depths:5 | Noticed Frederick
 44335 | Depths:5 | Killed Frederick
 44350 | Depths:5 | Reached XP level 27. HP: 153/188 MP: 0/0
 44350 | Depths:5 | Learned a level 9 spell: Shatter
 44460 | Depths:5 | Identified the ring of Evvufiywn {rPois MP+9 Int+4}
 44516 | Depths:5 | Identified the +5 ring mail of the Seven Hosts {+Inv Str+2}
 44659 | Depths:5 | Found a transporter.
 44685 | Depths:5 | Found a gate to the Realm of Zot.
 44732 | Depths:5 | Identified the ring "Ehagoitu" {*Corrode Fly rN+ Int+4
                  | Dex+2}
 44839 | Depths:5 | Found a transporter.
 44982 | Depths:5 | Found a gateway to a ziggurat.
 45026 | Depths:5 | Found the ring of the Octopus King
 45049 | Depths:5 | Identified a ring of the Octopus King {Wiz AC+1 EV+1 Str+1
                  | Int+1 Dex+1}
 45525 | Slime:1  | Entered Level 1 of the Pits of Slime
 45636 | Slime:4  | Gained mutation: You do not regenerate when monsters are
                  | visible. [a shining eye]
 45646 | Slime:4  | Lost mutation: You do not regenerate when monsters are
                  | visible. [potion of mutation]
 45646 | Slime:4  | Gained mutation: You are partially covered in iridescent
                  | scales. (AC +2) [potion of mutation]
 45646 | Slime:4  | Gained mutation: You are resistant to electric shocks.
                  | (rElec) [potion of mutation]
 45660 | Slime:5  | Entered Level 5 of the Pits of Slime
 45691 | Slime:5  | Reached skill level 15 in Fighting
 45748 | Slime:5  | Reached skill level 27 in Spellcasting
 45748 | Slime:5  | Reached skill level 1 in Evocations
 45815 | Slime:5  | Noticed the Royal Jelly
 45936 | Slime:4  | Reached skill level 10 in Dodging
 46167 | Slime:4  | Reached skill level 15 in Shields
 46199 | Slime:5  | Found a viscous altar of Jiyva.
 46506 | Slime:5  | Killed the Royal Jelly
 46507 | Slime:5  | Reached skill level 5 in Evocations
 46612 | Slime:5  | Identified the +8 hand crossbow "Muyppei" {vorpal, rCorr
                  | Str+3 SInv}
 46619 | Slime:5  | Got a slimy rune of Zot
 46635 | Slime:5  | Identified the amulet of Wonder {RegenMP Fly rC+}
 46657 | Slime:5  | Identified the +7 falchion "Takesch" {vamp, rC+ Will+
                  | Dex+2}
 46707 | Slime:5  | Identified the +5 glaive of Evil {venom, Dex+3 Stlth+}
 46722 | Slime:5  | Upgraded the game from 0.28-a0-313-gbc0475efdd to
                  | 0.28-a0-381-g937acc2988
 46938 | Swamp:1  | Killed speeev33's ghost
 46942 | Swamp:1  | Identified the +0 ring mail of the Arcane {rPois rF++ Int+3
                  | SInv}
 47283 | Depths:2 | Voluntarily entered the Abyss.
 47453 | Abyss:1  | Found a corrupted altar of Lugonu.
 47467 | Abyss:1  | Found a corrupted altar of Lugonu.
 47850 | Abyss:4  | Found a glowing golden altar of the Shining One.
 47858 | Abyss:4  | Noticed a juggernaut
 47867 | Abyss:4  | Killed a juggernaut
 47868 | Abyss:4  | Reached skill level 5 in Armour
 47884 | Abyss:4  | Got an abyssal rune of Zot
 47911 | Depths:2 | Escaped the Abyss
 47992 | Pan      | Entered Pandemonium
 48089 | Pan      | Found a runed translucent door.
 48607 | Pan      | Entered the realm of Cerebov.
 48922 | Pan      | Found the +6 sword of Cerebov {flame}
 48922 | Pan      | Noticed Cerebov
 49031 | Pan      | Mangled by Cerebov

Illustrated notes

Levels and vault maps discovered:
D:1:      lightli_arrival_statuegarden, layout_basic
D:2:      layout_rooms
D:3:      minmay_general_purpose_star, layout_rooms,
          yredelemnul_forgotten_temple_becter, old_standard_altar,
          nicolae_xom_altar_mimics, chequers_ecumenical_altar_simple_redux,
          feat_on_display
D:4:      layout_rooms, ashenzari_altar_1, minmay_temple_entry_statues_fountains
D:5:      layout_basic, nicolae_dithmenos_through_a_glass_darkly,
          mainiacjoe_overflow_concentric_impassable,
          mainiacjoe_overflow_cross_hatched, kennysheep_small_circle
D:6:      layout_basic, serial_glass, glass_columns_a, glass_columns_b,
          minmay_alternating_orb, uniq_duvessa
D:7:      lemuel_castle_with_subvaults [lemuel_castle_interior_carwin_3],
          layout_basic, lemuel_coloured_pillars_altar, gammafunk_ghost_arena,
          uniq_crazy_yiuf_cottage, uniq_joseph, uniq_harold, uniq_menkaure
D:8:      mumra_celtic_spiral_tile, layout_cave_pools, vehumet_crystals
D:9:      layout_basic, gammafunk_temple_overflow_pools,
          nicolae_ru_the_path_less_chosen, kennysheep_path_1
D:10:     layout_stronghold, lemuel_crystal_altar, nicolae_underground_beach
D:11:     layout_basic, minmay_lair_entry_grove,
          kennysheep_orc_monster_closet_entryway, enter_trove_1,
          nicolae_qazlal_eye_of_the_storm, uniq_fannar
D:12:     layout_stronghold, gauntlet_entry_generic, nicolae_two_hexagons
D:13:     layout_stronghold, lightli_vaults_fourway_checkpoint
D:14:     layout_basic, gammafunk_ghost_hive
D:15:     grunt_enter_depths_snipers, layout_grid_maze, minivault_10,
          fedhas_altar_2
Temple:   nicolae_temple_figure_zero
Lair:1:   layout_gridlike, ebering_ghost_funeral_grove,
          chequers_serial_rivers_micro_b
Lair:2:   layout_long_grid, dummy_spider_entry
Lair:3:   layout_cave_shapes, palyth_hydra_swamp_entry, grunt_megastairs_5
Lair:4:   layout_cave_pods, lemuel_fruit_tree, lemuel_fruit_fields
Lair:5:   wander_river, layout_small_grid
Lair:6:   guppyfry_lair_end_dragon, layout_loops_ring, wormcave,
          dpeg_slime_entry_enclosed_altar, roderic_batcave, lemuel_old_faithful
Swamp:1:  layout_basic_swamp, gammafunk_ghost_arena, evilmike_swamp_ruin_house_3
Swamp:2:  layout_basic_swamp, serial_swamp_ruin, evilmike_swamp_ruin_rubble_1,
          evilmike_swamp_ruin_house_2, evilmike_swamp_ruin_house_6, uniq_kirke,
          uniq_mlioglotl
Swamp:3:  layout_basic_swamp, gammafunk_ghost_grave,
          portal_ice_cave_entry_frozen_things, evilmike_swamp_ruin_wall,
          uniq_jorgrun
Swamp:4:  nzn_swamp_witches_coven, layout_basic_swamp, uniq_bai_suzhen
Spider:1: layout_spider_delve
Spider:2: layout_chambers
Spider:3: layout_chambers, nicolae_spider_not_touching_you
Spider:4: spider_rune_water, uniq_arachne
Slime:1:  layout_caves
Slime:2:  layout_caves
Slime:3:  layout_caves
Slime:4:  layout_caves, nicolae_slime_barrier
Slime:5
Orc:1:    layout_diamond_mine, serial_shops, shop, basic_altar,
          nicolae_specific_store
Orc:2:    st_orc_elflike, layout_caves, basic_altar, uniq_donald, uniq_sonja
Elf:1:    elf_arrival_001, layout_rooms, hangedman_elf_disciples,
          grunt_megastairs_2, uniq_louise
Elf:2:    elven_hall_of_blades_hangedman_original
          [nicolae_blade_entry_pointy_end], layout_geoelf_diagonals,
          serial_shops, shop, minmay_shop_grove
Elf:3:    grunt_elf_hall_branching, layout_onion_city
Vaults:1: hangedman_vaults_stretched_pinwheel, vaults_room_door_ring,
          ontoclasm_vaults_loading_screen, st_hourglassy, v_misc_12, v_misc_3,
          v_pattern_3, nicolae_vaults_alarming, ontoclasm_vaults_tryst,
          layout_vaults_omnigrid, serial_hangedman_research,
          hangedman_research_thanatology, hangedman_research_probablistics,
          hangedman_research_quantum, serial_shops, shop, uniq_saint_roka
Vaults:2: nicolae_vaults_circle_grid_a, nicolae_vaults_triangles, st_diamondy,
          v_pattern_4, ontoclasm_vaults_ring_small, vaults_dpeg_encased_lava,
          nicolae_vaults_big_angled_halls, minmay_crypt_entry_simple_sparse,
          nicolae_vaults_theta, v_misc_8, vaults_standard_mumra_lines,
          vaults_room_grunt_arrival_ludios, nicolae_vaults_specimen_jars,
          layout_vaults_big_cross, serial_shops, shop, uniq_boris
Vaults:3: nicolae_vaults_three_branches, vaults_mumra_chevron,
          grunt_vaults_hallway_short, nicolae_vaults_network_periphery,
          v_pattern_1, nicolae_vaults_network_s,
          nicolae_vaults_little_squares_4, v_misc_10, ontoclasm_vaults_shuriken,
          nicolae_vaults_diagonal_hallway_9, grunt_vaults_diagonal,
          layout_vaults_maze_bifur, portal_desolation_entry_nicolae_nacl,
          serial_shops, shop_fountains
Vaults:4: hangedman_vaults_unwind, vaults_dpeg_diagonal, vaults_mumra_lcd,
          v_pattern_2, nicolae_vaults_little_squares_3,
          nicolae_vaults_border_crossing, hangedman_vaults_variations,
          v_alt_pattern_4, grunt_vaults_twisty, ontoclasm_vaults_hangar,
          nicolae_vaults_yaktaur_gun_rack, vaults_room_hallway,
          layout_vaults_ring, serial_shops, shop, uniq_margery
Crypt:1:  layout_misc_corridors, gammafunk_ghost_fury_of_okawaru, uniq_aizul
Depths:1: layout_cave_pools, grunt_mini_vestibule, lemuel_crystal_altar,
          st_stairs_12, kennysheep_generic_room_7
Depths:2: minmay_guarded_unrand_majin_bo, layout_cave_pools,
          hangedman_tar_grid_catacomb, bh_walls_and_bars, abyss_entry,
          uniq_asterion
Depths:3: angbandy_vault, layout_cave_pools, rand_demon_pan_entry_9,
          hangedman_geh_valley, hangedman_abyss_entry_splay, glass_columns_c,
          uniq_mennas
Depths:4: kennysheep_spiral_hall, layout_small_grid, hellmouth_1,
          abyss_entry_crystal, nicolae_uskayaw_suspiria,
          infiniplex_staircase_trident, uniq_sojobo
Depths:5: hangedman_spin_cycle, pan_entry, hell_entry, abyss_entry,
          uniq_frederick
Pan:      rand_demon_7, layout_cellular_growth, nicolae_pan_lom_lobonic_3,
          nicolae_pan_sigil_eeng, nicolae_pan_hourglass, layout_gridlike,
          nicolae_pan_cerebovesque_4, evilmike_mini_pan_diamond,
          layout_grid_shapes, pan_blood_fountain_small,
          nicolae_pan_strange_glyphs [nicolae_pan_strange_glyph_worry],
          cerebov_grunt, layout_pan_divisions_a [pan_division_quadrant_a4,
          pan_division_quadrant_a6, pan_division_quadrant_a6,
          pan_division_quadrant_a4, pan_division_octagon_box]

Skill      XL: |  1  2  3  4  5  6  7  8  9 10 11 12 13 14 15 16 17 18 19 20 21 22 23 24 25 26 27 |
---------------+----------------------------------------------------------------------------------+-----
Spellcasting   | 3 4 5 6 7 9 11 12 13 14 16 17 18 19 20 21 22 23 24 25 26 27 | 27.0
Dodging        | 3 4 5 6 7 8 9 11 | 11.8
Fighting       | 1 2 4 5 7 8 9 10 11 12 13 14 16 | 16.3
Invocations    | 2 4 5 6 9 11 13 | 13.2
Shields        | 1 3 5 7 9 10 11 12 13 14 17 | 17.1
Armour         | 2 3 4 5 |  5.4
Stealth        | 2 3 |  3.3
Evocations     | 7 |  7.8

Action                   |  1- 3 |  4- 6 |  7- 9 | 10-12 | 13-15 | 16-18 | 19-21 | 22-24 | 25-27 || total
-------------------------+-------+-------+-------+-------+-------+-------+-------+-------+-------++-------
Melee: Short sword       |     1 |       |       |       |       |       |       |       |       ||     1
       Whip              |     5 |     4 |       |       |       |       |       |       |       ||     9
       Staff             |       |     4 |     7 |    21 |    23 |    72 |    10 |     2 |     2 ||   141
       Unarmed           |       |       |       |       |       |     3 |     1 |       |     1 ||     5
       Tailslap          |       |       |       |       |       |     1 |       |       |       ||     1
 Cast: Foxfire           |    78 |   107 |   152 |   317 |   145 |    71 |       |       |     5 ||   875
       Sticky Flame      |       |     2 |    12 |    49 |    39 |    54 |    10 |    10 |     7 ||   183
       Fireball          |       |       |     8 |    82 |   215 |   252 |   259 |    77 |    56 ||   949
       Airstrike         |       |       |    13 |    14 |    77 |    31 |    69 |   157 |   170 ||   531
       Corpse Rot        |       |       |     2 |       |       |       |       |       |       ||     2
       Borgnjor's Vile C |       |       |       |    12 |    33 |   120 |   103 |   144 |   151 ||   563
       Freezing Cloud    |       |       |       |       |    36 |    85 |    50 |    72 |    85 ||   328
       Invisibility      |       |       |       |       |     4 |     2 |     6 |     1 |     1 ||    14
       Dragon Form       |       |       |       |       |       |     1 |     3 |     1 |       ||     5
       Iron Shot         |       |       |       |       |       |       |    83 |   283 |   556 ||   922
       Conjure Flame     |       |       |       |       |       |       |     1 |       |     8 ||     9
       Spider Form       |       |       |       |       |       |       |     1 |       |       ||     1
       Storm Form        |       |       |       |       |       |       |       |     1 |     2 ||     3
       Disjunction       |       |       |       |       |       |       |       |     1 |     2 ||     3
       Summon Horrible T |       |       |       |       |       |       |       |       |    16 ||    16
       Shatter           |       |       |       |       |       |       |       |       |     2 ||     2
 Abil: Breathe Fire      |       |       |       |       |       |     3 |       |       |       ||     3
       End Transformatio |       |       |       |       |       |       |     3 |       |     1 ||     4
       Evoke Blink       |       |       |       |       |       |       |       |       |     1 ||     1
Evoke: Wand              |       |       |       |     1 |       |       |       |       |     1 ||     2
  Use: Scroll            |       |       |       |    13 |     7 |    12 |     3 |     6 |    15 ||    56
       Potion            |       |       |       |     1 |       |     1 |       |       |     3 ||     5
Armor: Robe              |     5 |     2 |     8 |    10 |       |       |       |       |       ||    25
       Steam dragon scal |       |       |       |    51 |    25 |    15 |       |       |       ||    91
       Troll leather arm |       |       |       |       |       |    27 |     4 |    11 |    38 ||    80
       Skin              |       |       |       |       |       |     2 |     5 |     1 |     6 ||    14
Dodge: Dodged            |    16 |     9 |    16 |    92 |    42 |    68 |    37 |    71 |    96 ||   447
Block: Kite shield       |       |       |       |       |    24 |    81 |    30 |    76 |   100 ||   311
       Reflection        |       |       |       |       |       |     3 |    15 |    30 |    16 ||    64

Table legend: (Time is in decaauts)
 A = Elapsed time spent in this place.
 B = Non-inter-level travel time spent in this place.
 C = Inter-level travel time spent in this place.
 D = Time resting spent in this place.
 E = Time spent auto-exploring this place.
 F = Levels seen in this place.
 G = Mean time per level.
                   A        B        C        D        E       F      G
               +--------+--------+--------+--------+--------+-----+--------+
         Total |  49252 |  45739 |   3513 |   2782 |  21343 |  62 |  794.4 |
       Dungeon |  15690 |  14317 |   1373 |    921 |   7347 |  15 | 1046.0 |
        Temple |    127 |    127 |      0 |      0 |    106 |   1 |  127.0 |
          Lair |   5933 |   5270 |    663 |    100 |   3550 |   6 |  988.8 |
         Swamp |   3056 |   2862 |    194 |    221 |   1245 |   4 |  764.0 |
   Spider Nest |   4228 |   3906 |    322 |     56 |   3093 |   4 | 1057.0 |
    Slime Pits |   1232 |   1173 |     59 |    113 |     78 |   5 |  246.4 |
  Orcish Mines |   1427 |   1283 |    144 |     70 |    471 |   2 |  713.5 |
   Elven Halls |   3560 |   3424 |    136 |    243 |   1385 |   3 | 1186.7 |
        Vaults |   5737 |   5440 |    297 |    389 |   2143 |   4 | 1434.2 |
         Crypt |      4 |      4 |      0 |      0 |      0 |   1 |    4.0 |
        Depths |   5233 |   4912 |    321 |    431 |   1915 |   5 | 1046.6 |
         Abyss |    627 |    627 |      0 |     44 |     10 |   4 |  156.8 |
   Pandemonium |   1038 |   1038 |      0 |    124 |      0 |   4 |  259.5 |
         Trove |     73 |     73 |      0 |      0 |      0 |   1 |   73.0 |
      Ice Cave |    178 |    178 |      0 |      0 |      0 |   1 |  178.0 |
    Desolation |    736 |    736 |      0 |     70 |      0 |   1 |  736.0 |
      Gauntlet |    366 |    366 |      0 |      0 |      0 |   1 |  366.0 |
               +--------+--------+--------+--------+--------+-----+--------+

Top non-repeatable levels by time:
Vaults:1: 1895 daAuts
    D:10: 1849 daAuts
Vaults:2: 1540 daAuts
  Lair:6: 1485 daAuts
Depths:3: 1437 daAuts
     D:7: 1419 daAuts
    D:13: 1385 daAuts
   Elf:3: 1340 daAuts
    D:15: 1296 daAuts
Spider:3: 1264 daAuts
Vaults:4: 1227 daAuts
   Elf:2: 1188 daAuts
    D:11: 1160 daAuts
Depths:4: 1157 daAuts
     D:6: 1136 daAuts
